 Dungeon Crawl Stone Soup version 0.20.1-1-g8b1a95d (webtiles) character file.

4979 pandupaz the Basher (level 10, -6/64 HPs)
             Began as a Gargoyle Fighter on Nov 14, 2017.
             Was an Initiate of Ashenzari.
             Mangled by a two-headed ogre
             ... wielding a +0 giant club
              (9 damage)
             ... on level 8 of the Dungeon.
             The game lasted 00:23:06 (9317 turns).

pandupaz the Basher (Gargoyle Fighter)              Turns: 9317, Time: 00:23:07

Health: -6/64      AC: 23    Str: 20    XL:     10   Next: 53%
Magic:  13/13      EV:  9    Int: 11    God:    Ashenzari [......]
Gold:   301        SH: 10    Dex: 12    Spells: 8/13 levels left

rFire    . . .     SeeInvis .   a - +1 flail
rCold    . . .     Gourm    .   c - +0 shield (curse)
rNeg     + . .     Faith    .   b - +0 scale mail
rPois    ∞         Spirit   .   (helmet restricted)
rElec    +         Reflect  .   H - +2 cloak (curse)
rCorr    .         Harm     .   (no gloves)
MR       .....                  (no boots)
Stlth    ..........             (no amulet)
Regen    0.2/turn               (no ring)
MPRegen  0.2/turn               (no ring)

@: no status effects
A: antennae 1, icy blue scales 1, molten scales 1, yellow scales 1, agile 1,
negative energy resistance 1, electricity resistance, unbreathing, petrification
resistance, rot immunity, AC +7
a: Curse Item, Renounce Religion


You were on level 8 of the Dungeon.
You worshipped Ashenzari.
Ashenzari was noncommittal.
You were not hungry.

You visited 2 branches of the dungeon, and saw 9 of its levels.
You also visited: Ossuary.

You collected 301 gold pieces.

Inventory:

Hand Weapons
 a - a +1 flail (weapon)
 o - a +0 giant spiked club
 A - a +2 antimagic whip
 E - a +0 great mace
 M - a +0 dire flail
Armour
 b - a +0 scale mail (worn)
 c - a cursed +0 shield (worn)
 H - a cursed +2 cloak (worn)
Magical Staves
 Q - an uncursed staff of fire
Jewellery
 O - an uncursed amulet of faith
Wands
 e - a wand of random effects (26/48)
 I - a wand of iceblast (7/15)
 K - a wand of paralysis (2/24)
 L - a wand of lightning (7/15)
Scrolls
 h - a scroll of amnesia
 j - a scroll of blinking
 l - a scroll of fear
 n - 2 scrolls of magic mapping
 p - 2 scrolls of teleportation
 r - 2 scrolls of fog
 w - 2 scrolls of remove curse
 y - a scroll of recharging {unknown}
 z - a scroll of enchant weapon
 C - 3 scrolls of summoning {unknown}
 F - a scroll of enchant armour {unknown}
 J - 2 scrolls of identify
Potions
 d - 4 potions of might
 m - 2 potions of haste
 q - a potion of invisibility
 s - 2 potions of brilliance {unknown}
 t - a potion of heal wounds
 u - 3 potions of lignification {unknown}
 v - a potion of resistance {unknown}
 x - a potion of agility {unknown}
 D - 4 potions of curing
 G - 2 potions of flight {unknown}
 P - a potion of magic {unknown}
Books
 B - a Fen Folio

   Spells                             Type                      Level
   a - Corpse Rot                     Necromancy                   2
   b - Stone Arrow                    Conjuration/Earth            3
   c - Leda's Liquefaction            Hexes/Earth                  4
   d - Summon Forest                  Summoning/Translocation      5
   e - Hydra Form                     Transmutation                6
   f - Summon Hydra                   Summoning                    7
Comestibles
 f - 3 bread rations
 g - 8 fruits
 i - 7 meat rations
 k - a royal jelly
 N - 9 chunks of flesh


   Skills:
 * Level 8.0 Fighting
 * Level 10.7 Maces & Flails
 + Level 5.3 Armour
 + Level 2.9 Dodging
 + Level 1.0 Stealth
 * Level 5.9 Shields
 * Level 2.2 Spellcasting
 * Level 2.4 Summonings
 * Level 2.3 Translocations


You had 8 spell levels left.
You knew the following spells:

 Your Spells              Type           Power        Failure   Level  Hunger
a - Summon Forest         Summ/Tloc      #.........   100%        5    ######.


Dungeon Overview and Level Annotations

Branches:
Dungeon (8/15)             Temple (1/1) D:6
   Lair: D:8-11

Altars:
Ashenzari
Cheibriados
Dithmenos
Elyvilon
Gozag
Hepliaklqana
Kikubaaqudgha
Makhleb
Nemelex Xobeh
Okawaru
Ru
Sif Muna
Trog
Uskayaw
Vehumet
Xom
Yredelemnul
Zin
The Shining One


Innate Abilities, Weirdness & Mutations

You are resistant to torment.
Your stone body is resilient. (AC +7)
You are immune to poison.
You resist negative energy. (rN+)
You are resistant to electric shocks. (rElec)
You can survive without breathing.
You are immune to petrification.
You are immune to rotting.
You have a pair of small antennae on your head.
You are partially covered in icy blue scales. (AC +2)
You are partially covered in molten scales. (AC +2)
You are partially covered in yellow scales. (AC +2)
You are agile. (Dex +2)


Message History

The two-headed ogre barely misses you.
The two-headed ogre hits you but does no damage.
You closely miss the two-headed ogre.
The two-headed ogre is severely wounded.
The hound bites you but does no damage. You block the hound's attack.
You sock the two-headed ogre!
The two-headed ogre is almost dead.
The two-headed ogre hits you with a giant club.
You block the two-headed ogre's attack. You block the hound's attack.
You closely miss the two-headed ogre.
The two-headed ogre is almost dead.
The hound closely misses you.
The two-headed ogre hits you with a giant club!
* * * LOW HITPOINT WARNING * * *
The two-headed ogre hits you but does no damage.
You thump the two-headed ogre!
The two-headed ogre is almost dead.
You block the hound's attack. The hound bites you but does no damage.
The two-headed ogre hits you with a giant club!
You die...

##.##### ###.#####
#.......# #.#.###.# +#
#.#..##.# ... #.##.##.#
.... #.##.#..# .....
.######.##....####......
...............h@OJ.....
.#####.##....####......
#.......# .....
####.#### .... ####.####
... #.....(.# #+#
#.##.##.# #.# #.##.##(##
#.# #.##.....# ##.##


You could see a two-headed ogre, a hound and a jelly.

Vanquished Creatures
  A centaur warrior (D:5)
  Joseph (D:7)
  The ghost of Demanufactor the Digger, a novice GrEE of Vehumet (D:4)
  Grinder (D:6)
  A hungry ghost (D:7)
  Menkaure (D:5)
  A sky beast (D:6)
  An orc warrior (D:7)
  5 ogres
  An ice beast (D:5)
  5 centaurs
  A big kobold (D:5)
  3 bullfrogs
  A scorpion (D:5)
  A water moccasin skeleton (D:6)
  2 howler monkeys
  6 wights (D:7)
  9 crimson imps
  4 hounds
  A centaur skeleton (D:5)
  5 orc priests
  A jelly (D:6)
  5 orc wizards
  An iguana (D:6)
  11 worker ants
  6 big kobold zombies (Ossuary)
  A hound zombie (D:5)
  A hound skeleton (D:6)
  A mummy (Ossuary)
  Robin (D:3)
  2 worker ant zombies
  8 adders
  An ooze (D:5)
  2 adder skeletons
  5 worms
  A dart slug (D:2)
  10 leopard geckos
  20 orcs
  7 spectral bats (Ossuary)
  7 giant cockroaches
  14 goblins
  7 hobgoblins
  11 jackals
  25 kobolds
  2 quokkas
  A ball python (D:2)
  6 bats
  2 bat simulacra (Ossuary)
  7 frilled lizards
  6 gnoll zombies (Ossuary)
  3 goblin simulacra (Ossuary)
  7 goblin zombies (Ossuary)
  7 hobgoblin zombies (Ossuary)
  3 kobold simulacra (Ossuary)
  2 kobold zombies (Ossuary)
  A leopard gecko zombie (D:5)
  2 orc zombies (Ossuary)
  5 rats
  3 rat simulacra (Ossuary)
  5 spectral goblins (Ossuary)
  4 spectral kobolds (Ossuary)
  A spectral rat (Ossuary)
  A bush (D:1)
  6 plants
274 creatures vanquished.

Vanquished Creatures (others)
  A goblin simulacrum (Ossuary)
  A kobold simulacrum (Ossuary)
2 creatures vanquished.

Grand Total: 276 creatures vanquished

Notes
Turn   | Place    | Note
-------+----------+-------------------------------------------
     0 | D:1      | pandupaz the Gargoyle Fighter began the quest for the Orb.
     0 | D:1      | Reached XP level 1. HP: 14/14 MP: 1/1
    96 | D:1      | Reached XP level 2. HP: 19/19 MP: 2/2
   876 | D:2      | Found a glowing golden altar of the Shining One.
  1137 | D:2      | Reached XP level 3. HP: 18/24 MP: 3/3
  2066 | D:3      | Reached XP level 4. HP: 29/29 MP: 4/4
  2113 | D:3      | Reached skill level 3 in Maces & Flails
  2222 | D:3      | Noticed Robin
  2258 | D:3      | Reached skill level 1 in Dodging
  2274 | D:3      | Reached XP level 5. HP: 26/33 MP: 5/5
  2284 | D:3      | Gained mutation: You are agile. (Dex +2) [potion of mutation]
  2284 | D:3      | Gained mutation: You can translocate small distances at will. [potion of mutation]
  2284 | D:3      | Gained mutation: Your natural rate of healing is unusually fast. [potion of mutation]
  2287 | D:3      | Reached skill level 4 in Maces & Flails
  2296 | D:3      | Killed Robin
  2362 | D:3      | Reached XP level 6. HP: 31/39 MP: 6/6
  3035 | D:3      | Lost mutation: You are agile. (Dex +2) [potion of mutation]
  3035 | D:3      | Lost mutation: You can translocate small distances at will. [potion of mutation]
  3035 | D:3      | Lost mutation: Your natural rate of healing is unusually fast. [potion of mutation]
  3035 | D:3      | Gained mutation: Scrolls take you a little longer to read. [potion of mutation]
  3035 | D:3      | Lost mutation: Scrolls take you a little longer to read. [potion of mutation]
  3035 | D:3      | Gained mutation: Your magical capacity is low. (-10% MP) [potion of mutation]
  3035 | D:3      | Gained mutation: You are partially covered in icy blue scales. (AC +2) [potion of mutation]
  3036 | D:3      | Lost mutation: Your magical capacity is low. (-10% MP) [potion of mutation]
  3036 | D:3      | Gained mutation: You are partially covered in yellow scales. (AC +2) [potion of mutation]
  3036 | D:3      | Gained mutation: You are partially covered in molten scales. (AC +2) [potion of mutation]
  3036 | D:3      | Gained mutation: You have a pair of small antennae on your head. [potion of mutation]
  3036 | D:3      | Gained mutation: You are agile. (Dex +2) [potion of mutation]
  3094 | D:4      | Found a shadowy altar of Dithmenos.
  3124 | D:4      | Noticed Demanufactor's ghost (novice GrEE)
  3157 | D:4      | Killed Demanufactor's ghost
  3157 | D:4      | Reached skill level 5 in Fighting
  3157 | D:4      | Reached skill level 5 in Maces & Flails
  3157 | D:4      | Reached XP level 7. HP: 22/44 MP: 7/7
  3162 | D:4      | Reached skill level 6 in Maces & Flails
  3526 | D:4      | Reached XP level 8. HP: 48/51 MP: 8/8
  3614 | D:4      | Found a shattered altar of Ashenzari.
  3803 | D:4      | Found a sacrificial altar of Ru.
  4054 | D:5      | Entered Level 5 of the Dungeon
  4105 | D:5      | Reached skill level 7 in Maces & Flails
  4133 | D:5      | Noticed Menkaure
  4136 | D:5      | Killed Menkaure
  4196 | D:5      | Found a sand-covered staircase.
  4201 | Ossuary  | Entered an ossuary
  5076 | Ossuary  | Reached skill level 8 in Maces & Flails
  5596 | D:5      | Found an iron altar of Okawaru.
  5714 | D:5      | Reached XP level 9. HP: 56/56 MP: 9/9
  5789 | D:5      | Reached skill level 9 in Maces & Flails
  5805 | D:5      | Found a shimmering altar of Xom.
  6361 | D:5      | Learned a level 5 spell: Summon Forest
  6610 | D:5      | Noticed a centaur warrior
  6627 | D:5      | Killed a centaur warrior
  6627 | D:5      | Reached skill level 1 in Spellcasting
  6627 | D:5      | Reached skill level 1 in Summonings
  6627 | D:5      | Reached skill level 1 in Translocations
  6984 | D:6      | Reached skill level 5 in Armour
  7048 | D:6      | Reached skill level 1 in Stealth
  7121 | D:6      | Reached skill level 5 in Shields
  7134 | D:6      | Found a staircase to the Ecumenical Temple.
  7138 | D:6      | Noticed Grinder
  7146 | D:6      | Found a hazy altar of Hepliaklqana.
  7164 | D:6      | Reached skill level 10 in Maces & Flails
  7171 | D:6      | Paralysed by Grinder for 4 turns
  7178 | D:6      | Killed Grinder
  7178 | D:6      | Reached XP level 10. HP: 39/64 MP: 12/12
  7249 | Temple   | Entered the Ecumenical Temple
  7543 | D:4      | Became a worshipper of Ashenzari the Shackled
  8233 | D:7      | Noticed Joseph
  8246 | D:7      | Killed Joseph
  8704 | D:7      | Found a shadowy altar of Dithmenos.
  9077 | D:7      | Found a deep blue altar of Sif Muna.
  9302 | D:8      | Noticed a two-headed ogre
  9312 | D:8      | HP: 3/64 [two-headed ogre/giant club (4)]
  9317 | D:8      | Mangled by a two-headed ogre

Skill      XL: |  1  2  3  4  5  6  7  8  9 10 |
---------------+-------------------------------+-----
Fighting       | 4 5 6 7 8 |  8.0
Maces & Flails | 3 4 5 6 8 10 | 10.7
Dodging        | 1 2 |  2.9
Armour         | 4 5 |  5.3
Shields        | 5 |  5.9
Spellcasting   | 1 2 |  2.2
Summonings     | 1 2 |  2.4
Translocations | 1 2 |  2.3
Stealth        | 1 |  1.0

Action                   |  1- 3 |  4- 6 |  7- 9 | 10-12 || total
-------------------------+-------+-------+-------+-------++-------
Melee: Flail             |   281 |   158 |   628 |   256 ||  1323
Invok: Curse Item        |       |       |       |     2 ||     2
  Use: Potion            |       |    10 |       |     1 ||    11
       Scroll            |       |     4 |     7 |       ||    11
  Eat: Chunk             |     4 |     4 |     9 |     8 ||    25
       Meat ration       |       |       |     1 |       ||     1
       Fruit             |       |       |       |     1 ||     1
Armor: Scale mail        |   121 |   118 |   319 |    88 ||   646
Dodge: Dodged            |    78 |    55 |   171 |    79 ||   383
Block: Shield            |   127 |    74 |   220 |   107 ||   528
